[Event "*** SCC Grand Prix: Titled Tuesday Blitz"]
[Site "Chess.com"]
[Date "2020.06.23"]
[Round "6"]
[White "Nafania1"]
[Black "GukeshDommaraju"]
[Result "0-1"]
[WhiteElo "2509"]
[BlackElo "2706"]
[TimeControl "180+1"]
[EndTime "11:06:40 PDT"]
[Termination "GukeshDommaraju won by resignation"]

1. e4 Nc6 2. Nf3 e5 3. Bb5 a6 4. Ba4 Nf6 5. O-O Be7 6. Re1 b5 7. Bb3 d6 8. c3 O-O 9. d4 Bg4 10. Be3 Na5 11. dxe5 Bxf3 12. Qxf3 dxe5 13. Nd2 Nxb3 14. axb3 h6 15. b4 Qd3 16. Qe2 Rfd8 17.
Qxd3 Rxd3 18. f3 Nd7 19. Nb3 Nb6 20. Bc5 Bg5 21. Red1 Rxd1+ 22. Rxd1 Nc4 23. Rd7 Nxb2 24. Rxc7 Rd8 25. Rc6 Rd1+ 26. Kf2 Rb1 27. Na5 Nd1+ 28. Kg3 Bf4+ 29. Kh3 Nxc3 30. Rxa6 Kh7 31. Rb6 Bd2 32. Nc6 f6 33. Ne7 Rb3 34. Kg4 Rb2 35. Rb7 Na4 36. Nf5 Bxb4 37. Rxg7+ Kh8 38. Bxb4 Rxg2+ 39. Kh5 Rxg7 40.
Nxg7 Kxg7 41. Bd2 Kh7 42. h4 Nc5 43. Kg4 Nd3 44. Kf5 Kg7 45. Ke6 b4 46. Kd5 b3 47.
Bc3 b2 48. Bxb2 Nxb2 0-1

[Event "*** SCC Grand Prix: Titled Tuesday Blitz"]
[Site "Chess.com"]
[Date "2020.06.23"]
[Round "6"]
[White "Susal_De_Silva"]
[Black "Ashedu66"]
[Result "1-0"]
[WhiteElo "2389"]
[BlackElo "2168"]
[TimeControl "180+1"]
[EndTime "11:06:40 PDT"]
[Termination "Susal_De_Silva won by resignation"]

1. e4 e5 2. Nf3 Nc6 3. Bc4 Bc5 4. c3 Qe7 5. O-O Nf6 6. d4 Bb6 7. Bg5 d6 8. a4 a6 9. Re1 O-O 10. Na3 Bg4 11. Nc2 h6 12. Bh4 Rad8 13. d5 Nb8 14.
Ne3 Bc8 15. h3 Kh8 16. Bd3 Bxe3 17. Rxe3 g5 18. Nxg5 hxg5 19. Bxg5 Rg8 20. Rg3 Rg6 21. h4 Rdg8 22. Qe2 Qf8 23. Rf1 Qg7 24. f4 exf4 25. Rxf4 Nh7 26. Qh5 f6 27. Bxf6 Rxf6 28. Rxg7 Kxg7 29.
Rxf6 Nxf6 30. Qg5+ Kf7 31. Qe3 Ng4 32. Qf4+ Ke7 33. h5 Ne5 34. Be2 Nbd7 35. h6 Nf6 36. Kf1 Rf8 37. Qg5 Bd7 38. h7 Ke8 39. Qg7 Nh5+ 40. Qxf8+ Kxf8 41. h8=Q+ 1-0

[Event "*** SCC Grand Prix: Titled Tuesday Blitz"]
[Site "Chess.com"]
[Date "2020.06.23"]
[Round "6"]
[White "ChocolateRoses"]
[Black "m-garcett"]
[Result "1-0"]
[WhiteElo "2281"]
[BlackElo "2057"]
[TimeControl "180+1"]
[EndTime "11:06:40 PDT"]
[Termination "ChocolateRoses won on time"]

1. Nf3 Nf6 2. g3 g6 3. b3 Bg7 4. Bb2 O-O 5. Bg2 d6 6. d4 Nbd7 7. O-O c6 8. Nbd2 Qc7 9. e4 e5 10. Re1 Re8 11. Nc4 exd4 12. Qxd4 Nh5 13. Qxd6 Qxd6 14. Nxd6 Bxb2 15. Nxe8 Bxa1 16. Rxa1 Nc5 17. Nd6 Ng7 18. Rd1 Bg4 19. h3 Bxf3 20. Bxf3 a5 21. Nc4 h5 22. h4 Nge6 23. Nb6 Ra6 24. Nd7 a4 25. Nxc5 Nxc5 26. Be2 Ra8 27. f3 axb3 28. axb3 Ra2 29. Bd3 Kg7 30. b4 Ne6 31. Bc4 Rxc2 32.
Bxe6 fxe6 33. Rd7+ Kf6 34. Rxb7 Ke5 35. Rg7 Kd4 36.
Rxg6 Ke3 37. Rf6 Rc1+ 38. Kg2 Rc2+ 39. Kh3 Rc1 40. g4 Rh1+ 41. Kg2 Rxh4 42. g5 1-0

[Event "*** SCC Grand Prix: Titled Tuesday Blitz"]
[Site "Chess.com"]
[Date "2020.06.23"]
[Round "6"]
[White "KejJaj"]
[Black "queen_iryna"]
[Result "1-0"]
[WhiteElo "2018"]
[BlackElo "2232"]
[TimeControl "180+1"]
[EndTime "11:06:40 PDT"]
[Termination "KejJaj won by resignation"]

1. d4 d6 2. Bf4 g6 3. Nc3 Bg7 4. e4 Nd7 5. Nf3 e5 6. dxe5 dxe5 7. Bg5 f6 8. Be3 c6 9. Qd2 Ne7 10. O-O-O Qa5 11. h4 Nc5 12. h5 Be6 13. hxg6 hxg6 14. Rxh8+ Bxh8 15. Qd6 Rd8 16. Qxc5 Rxd1+ 17. Kxd1 Qd8+ 18.
Bd3 b6 19. Qa3 Qd7 20. Kc1 Nc8 21. Nd2 Nd6 22. f3 Bg7 23. Qa4 Kf7 24. Nc4 Nc8 25. Nd2 Nd6 26. Bc4 Nxc4 27. Nxc4 b5 28. Qxa7 Qxa7 29.
Bxa7 Bxc4 30. b3 Bf1 31. g3 Bg2 32. f4 exf4 33. gxf4 g5 34. fxg5 fxg5 35. Kd2 Bxc3+ 36. Kxc3 Bxe4 37. a4 bxa4 38. bxa4 g4 39. Bb8 c5 40.
a5 Bb7 41. Kc4 Ke6 42. Kxc5 Kd7 43. Kb6 Ba8 44. a6 Ke6 45. c4 Kf5 46. c5 Ke4 47. c6 Kd5 48. c7 g3 49. c8=Q g2 50. Qg8+ Kd4 51. a7 Ke3 52. Bh2 Be4 53. Qg3+ Ke2 54. Kc7 Kf1 55. Kb8 Bd5 56. a8=Q Bxa8 57. Kxa8 1-0

[Event "*** SCC Grand Prix: Titled Tuesday Blitz"]
[Site "Chess.com"]
[Date "2020.06.23"]
[Round "6"]
[White "Guenplen"]
[Black "Rud_Makarian"]
[Result "1-0"]
[WhiteElo "2917"]
[BlackElo "2693"]
[TimeControl "180+1"]
[EndTime "11:06:41 PDT"]
[Termination "Guenplen won on time"]

1. d4 Nf6 2. Bf4 c5 3. d5 b5 4. f3 d6 5. e4 b4 6. a3 a5 7.
c3 bxc3 8. bxc3 g6 9. a4 Bg7 10.
Na3 O-O 11. Bc4 Nh5 12. Bd2 e6 13. Ne2 Ba6 14. O-O exd5 15. Bxd5 Ra7 16. c4 Nd7 17. Rb1 Ndf6 18. Nb5 Bxb5 19. Rxb5 Nxd5 20. cxd5 f5 21.
exf5 gxf5 22. Nf4 Bd4+ 23. Kh1 Nxf4 24. Bxf4 Re8 25. Qd3 Qf6 26. Rb6 Be5 27. Bxe5 Qxe5 28. h3 f4 29. Rbb1 Rae7 30. Qd2 Qe3 31. Qxa5 Qd3 32. Rbd1 Qc2 33. Rc1 Qa2 34. Qa6 Qxd5 35. Rcd1 Qe5 36. Qxd6 Qxd6 37. Rxd6 Ra7 38. Ra1 Rea8 39.
Rc6 Rxa4 40. Rxa4 Rxa4 41. Rxc5 Kg7 42. h4 Kg6 43. h5+ Kf6 44. Kh2 Ra1 45. Kh3 1-0

[Event "*** SCC Grand Prix: Titled Tuesday Blitz"]
[Site "Chess.com"]
[Date "2020.06.23"]
[Round "6"]
[White "VincentKeymer"]
[Black "deep306"]
[Result "1-0"]
[WhiteElo "2840"]
[BlackElo "2642"]
[TimeControl "180+1"]
[EndTime "11:06:41 PDT"]
[Termination "VincentKeymer won on time"]

1. Nf3 b6 2. d4 Bb7 3. c4 e6 4. Qc2 Nf6 5. Nc3 Bb4 6. a3 Bxc3+ 7. Qxc3 Ne4 8. Qc2 f5 9. e3 O-O 10. b4 d6 11. Bb2 Nd7 12. Be2 Ng5 13. d5 exd5 14.
O-O-O c5 15. Kb1 cxb4 16. axb4 Rc8 17. Nd4 dxc4 18. f3 c3 19. Bxc3 Ne5 20. Qb3+ Kh8 21. h4 Ngf7 22. Ne6 Qe7 23. Nxf8 Qxf8 24. Rc1 Nc6 25.
Bc4 Nfe5 26. Bd5 a5 27. b5 Nd8 28. Bxe5 dxe5 29. Bxb7 Nxb7 30. Rxc8 Qxc8 31. Rc1 Nc5 32. Qd5 h6 33. Qxe5 Qd7 34. Rxc5 bxc5 35. Qxc5 Qd3+ 36. Kb2 a4 37. Qb4 Qxe3 38. b6 a3+ 39. Ka2 Qf2+ 40. Kxa3 Qxg2 41. b7 Qxf3+ 42. Qb3 1-0

[Event "*** SCC Grand Prix: Titled Tuesday Blitz"]
[Site "Chess.com"]
[Date "2020.06.23"]
[Round "6"]
[White "Gareth-Bale11"]
[Black "IwkooO"]
[Result "0-1"]
[WhiteElo "2720"]
[BlackElo "2532"]
[TimeControl "180+1"]
[EndTime "11:06:41 PDT"]
[Termination "IwkooO won on time"]

1. d4 Nf6 2. Nf3 g6 3. c4 Bg7 4. Nc3 d5 5. cxd5 Nxd5 6. e4 Nxc3 7. bxc3 c5 8. Be3 Nc6 9. Rc1 Qa5 10. d5 Ne5 11.
Nxe5 Bxe5 12. Qd2 b6 13. f4 Bg7 14. Be2 O-O 15. O-O Ba6 16. Bxa6 Qxa6 17. c4 Qa3 18. e5 Rad8 19. Rcd1 f6 20. f5 fxe5 21. fxg6 hxg6 22. Bg5 Bf6 23. Bxf6 exf6 24. Qh6 Rd7 25. Qxg6+ Rg7 26. Qe4 Qxa2 27. Rf2 Qa4 28. Rdf1 b5 29.
Rxf6 Rxf6 30. Rxf6 Qd1+ 31. Rf1 Qd4+ 32. Qxd4 exd4 33.
cxb5 Rd7 34. Kf2 Rxd5 35. Ke2 c4 36. Kd2 Rxb5 37. Kc2 Ra5 0-1

[Event "*** SCC Grand Prix: Titled Tuesday Blitz"]
[Site "Chess.com"]
[Date "2020.06.23"]
[Round "6"]
[White "esrosenberg"]
[Black "maciek_92"]
[Result "0-1"]
[WhiteElo "2152"]
[BlackElo "2691"]
[TimeControl "180+1"]
[EndTime "11:06:42 PDT"]
[Termination "maciek_92 won on time"]

1. Nf3 Nf6 2. c4 g6 3. Nc3 Bg7 4. e4 d6 5. d4 O-O 6. h3 Nbd7 7. e5 Ne8 8. Bf4 c6 9. c5 Qa5 10. cxd6 exd6 11. exd6 Nef6 12. Bc4 Nb6 13. Bb3 Re8+ 14.
Kf1 Be6 15. Kg1 Rad8 16. Be5 Nfd5 17. Kh2 f6 18. Bg3 Nxc3 19. bxc3 Qxc3 20. Re1 Bd5 21. Re7 Rxe7 22. dxe7 Re8 23. Bd6 Nc8 24. Bxd5+ cxd5 25. Rc1 Qa5 26. Rxc8 Rxc8 27. Qe2 Kf7 28. Ne5+ fxe5 29. dxe5 Qa4 30. Qf3+ Ke6 31. Qg3 Qe4 32. f4 Re8 33. Qg4+ Qf5 34. Qf3 g5 35. g3 gxf4 36. gxf4 Bh6 37.
Kg2 Qxf4 0-1

[Event "*** SCC Grand Prix: Titled Tuesday Blitz"]
[Site "Chess.com"]
[Date "2020.06.23"]
[Round "6"]
[White "QueenOfTactics90"]
[Black "Kaua18"]
[Result "0-1"]
[WhiteElo "1942"]
[BlackElo "2228"]
[TimeControl "180+1"]
[EndTime "11:06:42 PDT"]
[Termination "Kaua18 won by checkmate"]

1. e4 c5 2. Nf3 Nc6 3. d4 cxd4 4. Nxd4 Nf6 5. f3 d5 6. Bb5 Bd7 7. Bxc6 bxc6 8. e5 Ng8 9. Nc3 e6 10. Be3 c5 11. Ndb5 d4 12. Nxd4 cxd4 13. Bxd4 Ne7 14.
O-O Nf5 15. Bf2 Bb4 16. Ne4 O-O 17. c3 Ba5 18. g4 Ne7 19. Qd3 Bc6 20. Nd6 Bb6 21.
Rad1 Bxf2+ 22. Rxf2 Qa5 23. b4 Qc7 24. f4 Rfd8 25. b5 Be8 26. c4 a6 27. a4 axb5 28. axb5 Nc8 29. Rfd2 Qc5+ 30. Kg2 Nxd6 31. exd6 f6 32. Qe4 Bf7 33. d7 Ra7 34. Rd6 h5 35.
h3 Ra2+ 36. Kg3 Ra3+ 37. R1d3 Ra4 38. R6d4 e5 39. fxe5 fxe5 40. Rd5 Bxd5 41. Rxd5 Rxc4 42. Qxe5 Rc3+ 43. Kh4 Qf2+ 44. Kxh5 Qf7+ 45. Kh4 Qf6+ 46. Qxf6 gxf6 47. Kh5 Kg7 48. b6 Rh8# 0-1

[Event "*** SCC Grand Prix: Titled Tuesday Blitz"]
[Site "Chess.com"]
[Date "2020.06.23"]
[Round "6"]
[White "econpower"]
[Black "Karacsonyi_Gellert"]
[Result "0-1"]
[WhiteElo "2725"]
[BlackElo "2515"]
[TimeControl "180+1"]
[EndTime "11:06:43 PDT"]
[Termination "Karacsonyi_Gellert won by resignation"]

1. c4 Nf6 2. g3 e6 3. Bg2 d5 4. Nf3 dxc4 5. Na3 Bxa3 6. bxa3 O-O 7. Qc2 a6 8. Qxc4 b5 9. Qc2 Bb7 10. d3 Nbd7 11. a4 c5 12. O-O Qe7 13. axb5 axb5 14.
a4 Nd5 15. Bb2 bxa4 16. Rxa4 N7f6 17. Rfa1 Rxa4 18. Rxa4 Nb4 19. Qc3 Ra8 20. Rxa8+ Bxa8 21. Qa3 Bb7 22. Qa7 h6 23. Bxf6 gxf6 24. Nd2 Nd5 25. Ne4 Bc6 26. Qxe7 Nxe7 27. Nxf6+ Kg7 28. Bxc6 Kxf6 29.
Be8 Nf5 30. Bb5 Nd4 31. Bc4 Nxe2+ 32. Kg2 Ke5 33. f4+ Kd4 34. f5 exf5 35. Bxf7 Kxd3 36. Bg6 Nd4 37. g4 Ke4 38. Kh3 c4 39. gxf5 Ke5 40. f6 Kxf6 41. Be4 c3 42. Kg4 c2 43. Bxc2 Nxc2 44.
Kh5 Kg7 45. h4 Nd4 46. Kg4 Kg6 47. Kf4 Kh5 48. Ke4 Nb3 49. Kf4 Kxh4 0-1

[Event "*** SCC Grand Prix: Titled Tuesday Blitz"]
[Site "Chess.com"]
[Date "2020.06.23"]
[Round "6"]
[White "DenisQ"]
[Black "Jumbo"]
[Result "0-1"]
[WhiteElo "2636"]
[BlackElo "2844"]
[TimeControl "180+1"]
[EndTime "11:06:44 PDT"]
[Termination "Jumbo won by resignation"]

1. Nf3 c5 2. c4 d6 3. Nc3 e5 4.
g3 g6 5. Bg2 Bg7 6. O-O Nc6 7.
d3 Nge7 8. Ne1 Be6 9. Nd5 Qd7 10. Nc2 O-O 11. Nce3 Rab8 12. a4 a6 13. a5 Kh8 14.
Bd2 f5 15. Nxe7 Nxe7 16. b4 f4 17. Nd5 Bxd5 18. cxd5 cxb4 19. Bxb4 Rfc8 20. Qb3 Rc7 21. Rfc1 Rbc8 22. Rxc7 Rxc7 23. Qa3 Nc8 24. Rc1 Rxc1+ 25. Qxc1 fxg3 26. hxg3 Na7 27. Kh2 Bf8 28. Bh3 Qf7 29.
Qe3 Nb5 30. Be6 Qc7 31. f4 Bg7 32. Qb6 Qe7 33. Kh3 exf4 34. gxf4 Bd4 35. Bxd6 Qxd6 36.
Qxb7 Qxf4 37. Qxa6 Be5 38. Kg2 Nd4 39. Qc8+ Kg7 40.
Qc4 Qh2+ 0-1

[Event "*** SCC Grand Prix: Titled Tuesday Blitz"]
[Site "Chess.com"]
[Date "2020.06.23"]
[Round "6"]
[White "praveenb2002"]
[Black "Isajevsky_Anton"]
[Result "1-0"]
[WhiteElo "2775"]
[BlackElo "2520"]
[TimeControl "180+1"]
[EndTime "11:06:44 PDT"]
[Termination "praveenb2002 won by resignation"]

1. e4 c5 2. Nf3 d6 3. d4 cxd4 4. Nxd4 Nf6 5. Nc3 a6 6. Bg5 Nbd7 7. Qe2 Qa5 8. f4 e5 9. Nb3 Qc7 10. O-O-O h6 11. Bh4 exf4 12. Nd4 g5 13. Bf2 Ne5 14.
h4 Bg4 15. Nf3 Bg7 16. Bd4 O-O-O 17. Qf2 Nfd7 18. Nd5 Qa5 19. Kb1 Nc5 20. b4 Nxe4 21.
Qe1 Qxd5 22. Bxe5 Qxd1+ 23. Qxd1 dxe5 24. Qe1 Bxf3 25. gxf3 Rd1+ 26. Qxd1 Nc3+ 27. Kc1 Nxd1 28. Kxd1 Rd8+ 29. Bd3 gxh4 30. Rxh4 Kc7 31. Ke2 Bf8 32.
c3 Kd6 33. Rh1 Ke6 34. Bc4+ Kf6 35. Bd3 Be7 36. Be4 b6 37. Bd3 a5 38. bxa5 bxa5 39. Rb1 Rd6 40. Rb5 Bd8 41. Rb7 Rc6 42. Rd7 Bb6 43. Be4 Re6 44. Bd5 h5 45. Bxe6 Kxe6 46.
Rb7 Be3 47. Rb1 f5 48. Rh1 Kd5 49. Rxh5 Kc4 50. Rxf5 Kxc3 51. Rxe5 a4 52. Rb5 a3 53. Rb3+ 1-0

[Event "*** SCC Grand Prix: Titled Tuesday Blitz"]
[Site "Chess.com"]
[Date "2020.06.23"]
[Round "6"]
[White "vinniethepooh"]
[Black "JozefKneht"]
[Result "1-0"]
[WhiteElo "2569"]
[BlackElo "2446"]
[TimeControl "180+1"]
[EndTime "11:06:44 PDT"]
[Termination "vinniethepooh won by resignation"]

1. d4 d5 2. c4 e6 3. Nc3 Nf6 4. cxd5 exd5 5. Bg5 Be7 6. e3 O-O 7. Bd3 c6 8. Qc2 Nbd7 9. Nge2 Re8 10. O-O Nf8 11. Bh4 Be6 12. f3 Rc8 13. Rad1 a6 14. Bf2 b5 15. Qb1 c5 16. dxc5 Bxc5 17. Nd4 Qb6 18.
Nce2 b4 19. Rc1 Qa7 20. Rc2 Bb6 21. Rfc1 Rxc2 22. Rxc2 N8d7 23. Nc6 Qb7 24. Ned4 h6 25. Qc1 Nf8 26. h3 Bd7 27. Qd2 a5 28. Qc1 Ne6 29. Nxe6 Rxe6 30. Nd4 Bxd4 31. exd4 Rc6 32. Rc5 Rxc5 33. Qxc5 a4 34. Bh4 Ne8 35. Be1 b3 36. Bb4 f5 37. axb3 axb3 38. Qf8+ Kh7 39. Bxf5+ Bxf5 40. Qxf5+ g6 41. Qf8 Ng7 42. Be7 Qc6 43. Kh2 Nf5 44. Qf7+ Ng7 45. Bf6 Qd6+ 46. Kh1 1-0

[Event "*** SCC Grand Prix: Titled Tuesday Blitz"]
[Site "Chess.com"]
[Date "2020.06.23"]
[Round "6"]
[White "CarlssonLudvig"]
[Black "LuisFSiles"]
[Result "0-1"]
[WhiteElo "2436"]
[BlackElo "2324"]
[TimeControl "180+1"]
[EndTime "11:06:44 PDT"]
[Termination "LuisFSiles won by checkmate"]

1. Nf3 Nf6 2. g3 g6 3. b3 Bg7 4.
Bb2 O-O 5. Bg2 c5 6. c4 Nc6 7. O-O d6 8. Nc3 a6 9. Rc1 Rb8 10. d4 cxd4 11. Nxd4 Nxd4 12. Qxd4 b5 13. cxb5 axb5 14. b4 Be6 15. Rfd1 Nd5 16. Qh4 Nxc3 17. Bxc3 Bxa2 18. Bxg7 Kxg7 19. Qd4+ Kg8 20. Rc6 Qd7 21. Rdc1 Bc4 22. Bd5 e6 23. Bf3 d5 24. Rc5 Qd6 25. e4 e5 26. Qd2 d4 27. h4 Rfc8 28.
Rxc8+ Rxc8 29. Rc2 d3 30. Rc1 Be6 31. Rxc8+ Bxc8 32. Be2 Bb7 33. Qxd3 Qxb4 34. Qd8+ Kg7 35. f3 Qc5+ 36. Kg2 b4 37. h5 h6 38. hxg6 Kxg6 39. Qd7 Bc6 40. Qf5+ Kg7 41. f4 Qc2 42. Qxe5+ f6 43.
Qe7+ Kg8 44. Kf2 Qxe4 45. Qxf6 Qg2+ 46. Ke3 Qxg3+ 47. Kd4 Qc3# 0-1

[Event "*** SCC Grand Prix: Titled Tuesday Blitz"]
[Site "Chess.com"]
[Date "2020.06.23"]
[Round "6"]
[White "ExtremeLearner"]
[Black "Mikasinski"]
[Result "1-0"]
[WhiteElo "2208"]
[BlackElo "2378"]
[TimeControl "180+1"]
[EndTime "11:06:44 PDT"]
[Termination "ExtremeLearner won on time"]

1. d4 Nf6 2. Bg5 d5 3. e3 c5 4. Bxf6 exf6 5. Nc3 Be6 6. Nf3 Be7 7. Bb5+ Nc6 8.
Bxc6+ bxc6 9. h4 cxd4 10. Nxd4 Bd7 11. h5 h6 12. Qf3 Qb6 13. Nd1 Qa6 14. c3 Rb8 15.
Qg3 O-O 16. Rh4 f5 17. Qc7 Rb7 18. Qf4 Bg5 19. Qh2 Bxh4 20. Qxh4 c5 21. Ne2 Re8 22.
Qf4 Re4 23. Qg3 Rg4 24. Qh2 Bc6 25. f3 Ra4 26. a3 Re7 27. Qd6 Re6 28. Qxc5 Rh4 29. Nd4 Rh1+ 30. Kd2 Qf1 31. Rc1 Qxg2+ 32. Kd3 Ba4 33. b3 Bd7 34. a4 Re8 35. Qxd5 Be6 36. Qd6 Qf1+ 37. Kc2 Rh2+ 38. Kb1 Qg2 39. Qa3 Rb8 40. Rc2 Qg1 41. Kc1 Rxc2+ 42. Kxc2 1-0

[Event "*** SCC Grand Prix: Titled Tuesday Blitz"]
[Site "Chess.com"]
[Date "2020.06.23"]
[Round "6"]
[White "NotFischer"]
[Black "Stormeman100100"]
[Result "0-1"]
[WhiteElo "2193"]
[BlackElo "2465"]
[TimeControl "180+1"]
[EndTime "11:06:44 PDT"]
[Termination "Stormeman100100 won on time"]

1. Nf3 Nf6 2. g3 d5 3. Bg2 e6 4. d4 Be7 5. O-O O-O 6. c4 dxc4 7. Nbd2 c5 8. Nxc4 Nc6 9. dxc5 Bxc5 10. Qxd8 Rxd8 11.
Bg5 Bd7 12. Nfe5 Be8 13. Nxc6 Bxc6 14. Bxc6 bxc6 15. Bxf6 gxf6 16. Rfd1 Kf8 17. e3 Ke7 18. Kf1 Rd5 19. e4 Rd4 20. Rxd4 Bxd4 21. Rd1 c5 22. b3 a5 23. a4 Ra6 24. f4 Ra7 25.
Ke2 Bc3 26. h3 Rb7 27. Rb1 f5 28. exf5 exf5 29. Kd3 Bb4 30. Kc2 Kf6 31. Rd1 Rb8 32.
Rd6+ Ke7 33. Rd3 Ke6 34. Ne3 Rg8 35. g4 fxg4 36. hxg4 c4 37. bxc4 Bc5 38. f5+ Kf6 39.
Nd5+ Kg5 40. Rd2 Re8 41. Kd3 Rb8 42. Rh2 h6 43. Ke4 Rb1 44. Rh5+ Kxg4 45. Nf6+ Kg3 46. Rxh6 Rd1 47. Rh7 Rd4+ 48. Ke5 Rxc4 49. Ne4+ Kg2 50. Nxc5 Rxc5+ 51. Kf6 Rc4 52. Rxf7 Rxa4 53. Rg7+ Kf3 54. Ke7 Re4+ 55. Kf7 a4 56. f6 a3 57. Kg8 Re8+ 58. Kf7 Ra8 59. Ke7 Kf2 60. Rh7 Ra7+ 61. Ke6 Rxh7 0-1

[Event "*** SCC Grand Prix: Titled Tuesday Blitz"]
[Site "Chess.com"]
[Date "2020.06.23"]
[Round "6"]
[White "pavlitas17"]
[Black "Alopekos"]
[Result "1-0"]
[WhiteElo "2336"]
[BlackElo "2441"]
[TimeControl "180+1"]
[EndTime "11:06:47 PDT"]
[Termination "pavlitas17 won by resignation"]

1. d4 Nf6 2. c4 g6 3. Nc3 Bg7 4. e4 d6 5. Nf3 O-O 6. Be2 Nbd7 7. O-O c5 8. Be3 cxd4 9. Nxd4 Nc5 10. f3 a5 11. Re1 b6 12. Bf1 Bb7 13. b3 Ne6 14.
Rc1 Nxd4 15. Bxd4 Bh6 16. Rc2 Bg7 17. Nd5 Nxd5 18. exd5 Bxd4+ 19. Qxd4 Re8 20. Bd3 e5 21. dxe6 Rxe6 22. Rxe6 fxe6 23. Re2 e5 24. Qg4 Qc8 25. Qxc8+ Rxc8 26. Be4 Bxe4 27. fxe4 Kf7 28. Kf2 Ke6 29. Ke3 a4 30. Rc2 axb3 31. axb3 Ra8 32. Kd3 Ra1 33. Kc3 Re1 34. Kd3 Ra1 35. Re2 Ra3 36. Kc3 Ra1 37. Kb4 Rb1 38. h3 h5 39. g3 g5 40. Re3 h4 41. gxh4 gxh4 42. Kb5 Rg1 43. Re2 Rg3 44. b4 Rxh3 45. Kxb6 Rh1 46. b5 h3 47. Kc7 Rc1 48.
b6 Rxc4+ 49. Kd8 Rb4 50. Kc7 Rc4+ 51. Kb8 Kd7 52. Rh2 Kc6 53. b7 Rb4 54. Rc2+ Kd7 55.
Ka7 Ra4+ 56. Kb6 Rb4+ 57. Ka6 Ra4+ 58. Kb5 Ra1 59. Kb6 Rb1+ 60. Ka7 Ra1+ 61. Kb8 Ra5 62. Rh2 Ra4 63. Rxh3 Kc6 64. Rc3+ Kd7 65. Rc7+ Kd8 66. Rc8+ Kd7 67. Rh8 Rb4 68. Rh7+ Kc6 69. Kc8 Rxb7 70. Rxb7 Kc5 71. Kd7 Kd4 72. Rb4+ Ke3 73. Kxd6 Kf4 74.
Kd5 1-0

[Event "*** SCC Grand Prix: Titled Tuesday Blitz"]
[Site "Chess.com"]
[Date "2020.06.23"]
[Round "6"]
[White "Baby_Legs"]
[Black "gmcorrales"]
[Result "0-1"]
[WhiteElo "2617"]
[BlackElo "2815"]
[TimeControl "180+1"]
[EndTime "11:06:48 PDT"]
[Termination "gmcorrales won by resignation"]

1. Nf3 c5 2. e3 d5 3. b3 Nc6 4. Bb5 Qb6 5. c4 dxc4 6. bxc4 a6 7. Ba4 Bd7 8. Nc3 e6 9. Rb1 Qc7 10. Bb2 Nf6 11. O-O Be7 12. d4 cxd4 13. exd4 Na5 14. c5 O-O 15. Bc2 Rfd8 16. Qd3 Bc6 17. Ne5 Bxc5 18.
Ng4 Nxg4 19. Qxh7+ Kf8 20. dxc5 Nf6 21. Qh8+ Ke7 22.
Qxg7 Rg8 23. Qxf6+ Kxf6 24. Nd5+ Kg5 25. Nxc7 Rac8 26.
Be5 Nc4 27. Bg3 Nd2 28. Rbd1 Nxf1 29. Kxf1 Kf6 30. f3 Rxg3 31. hxg3 Rxc7 32. Bd3 Bd5 33. Rc1 Bxa2 34. Ke2 Bd5 35. Ke3 b5 36. Kd4 Rd7 37. Kc3 Bc6 38. Ra1 b4+ 39. Kc2 b3+ 40. Kc3 b2 41. Rb1 Rd5 42. Rxb2 Rxc5+ 43. Kd4 Rd5+ 44. Ke3 a5 45. g4 a4 46. f4 Ra5 47. Bc4 a3 48.
Ra2 Bd5 49. Bxd5 exd5 50. Kd4 Ke6 51. f5+ Kd6 52. g5 Ra4+ 53. Ke3 Rg4 54. Rxa3 Rg3+ 55.
Kf4 Rxa3 56. g6 fxg6 57. fxg6 Ke6 58. Kg5 Ra8 59. Kh6 Kf6 60. g4 d4 61. g5+ Kf5 62. g7 d3 63. g6 d2 64. Kh7 d1=Q 65.
g8=Q Qh1+ 66. Kg7 Rxg8+ 67. Kxg8 Kxg6 68. Kf8 0-1

[Event "*** SCC Grand Prix: Titled Tuesday Blitz"]
[Site "Chess.com"]
[Date "2020.06.23"]
[Round "6"]
[White "Lion-Al-Messi"]
[Black "DishonorOnYourCow"]
[Result "0-1"]
[WhiteElo "2443"]
[BlackElo "2332"]
[TimeControl "180+1"]
[EndTime "11:06:48 PDT"]
[Termination "DishonorOnYourCow won by resignation"]

1. e4 c5 2. Nf3 d6 3. d4 cxd4 4.
Nxd4 Nf6 5. Nc3 a6 6. h3 e5 7.
Nde2 h5 8. Bg5 Be6 9. g3 Nbd7 10. Bg2 Be7 11. O-O Nh7 12. Be3 h4 13. g4 O-O 14. f4 exf4 15. Nxf4 Bc4 16. Re1 Ne5 17. Ncd5 Bg5 18. b3 Bb5 19. c4 Bc6 20. Qd2 b5 21.
Nh5 Bxe3+ 22. Qxe3 Bxd5 23. cxd5 Qg5 24. Qxg5 Nxg5 25. Nf4 Ngf3+ 26. Bxf3 Nxf3+ 27. Kf2 Nxe1 28. Rxe1 Rfe8 29. Kf3 Rac8 30. Ng2 Rc3+ 31. Ne3 g6 32. g5 Re5 33. Kf4 Kg7 34. Rg1 Rd3 35. Ng4 Re7 36.
Nf2 Rd2 37. Ke3 Rxa2 38. Rg4 Rb2 39. Rxh4 Rxb3+ 40. Kf4 Rb4 41. Ke3 a5 42. Rf4 a4 43.
Ng4 Rb3+ 44. Kd2 Rxh3 45. e5 dxe5 46. d6 Rd7 47. Nxe5 Rxd6+ 48. Kc2 a3 49. Rxf7+ Kg8 50. Ra7 Re6 51. Ng4 Re2+ 52. Kd1 Rb2 53. Nf6+ Kf8 54.
Ra8+ Ke7 55. Nd5+ Kd6 56. Rd8+ Kc5 0-1

[Event "*** SCC Grand Prix: Titled Tuesday Blitz"]
[Site "Chess.com"]
[Date "2020.06.23"]
[Round "6"]
[White "ShahMatKanal"]
[Black "TimKett"]
[Result "1-0"]
[WhiteElo "2402"]
[BlackElo "2218"]
[TimeControl "180+1"]
[EndTime "11:06:48 PDT"]
[Termination "ShahMatKanal won on time"]

1. e4 e5 2. f4 d5 3. exd5 exf4 4. Nf3 Nf6 5. d4 Nxd5 6. Bc4 c6 7. O-O Bd6 8. Nc3 Nxc3 9. bxc3 O-O 10. Bd3 Bg4 11.
h3 Bh5 12. Rb1 b6 13. Qe1 Re8 14. Qf2 Nd7 15. c4 Nf6 16. Qh4 Bxf3 17. Rxf3 Ne4 18.
Qxd8 Raxd8 19. Bxf4 Bxf4 20. Rxf4 Rxd4 21. Re1 f5 22.
Rxf5 Nd6 23. Rxe8+ Nxe8 24. c5 Nf6 25. cxb6 axb6 26.
Re5 Kf7 27. Re1 h6 28. Rb1 b5 29. Kf2 Nd5 30. g3 Nb4 31. Rf1 Rd6 32. Ke3+ Rf6 33. Rxf6+ Kxf6 34. Be4 c5 35. a3 Na6 36. Bc6 b4 37. a4 Ke5 38. Bb5 Nc7 39. Bc4 Ne8 40. a5 Nd6 41. Kd3 Nc8 42. Ba6 Na7 43. Kc4 Ke4 44.
Bb7+ Ke3 45. Kxc5 Kd2 46. Kb6 1-0

[Event "*** SCC Grand Prix: Titled Tuesday Blitz"]
[Site "Chess.com"]
[Date "2020.06.23"]
[Round "6"]
[White "Nathan_Filgueiras"]
[Black "chipmunknau"]
[Result "0-1"]
[WhiteElo "2415"]
[BlackElo "2596"]
[TimeControl "180+1"]
[EndTime "11:06:52 PDT"]
[Termination "chipmunknau won by checkmate"]

1. e4 c6 2. d4 d5 3. e5 Bf5 4.
h4 h6 5. g4 Bd7 6. h5 e6 7. f4 c5 8. c3 Qb6 9. Nf3 Bb5 10.
Bxb5+ Qxb5 11. Qe2 Qb6 12. Be3 Nd7 13. a3 Rc8 14.
O-O a5 15. a4 cxd4 16. Bxd4 Bc5 17. Na3 Ne7 18. Nb5 O-O 19. Kg2 f6 20. Rae1 f5 21. g5 Nc6 22. Kh3 Bxd4 23. cxd4 Nb4 24. Nc3 Kf7 25. Rg1 Rg8 26. Rg2 Qa6 27. Nb5 Rc2 28.
Qxc2 Nxc2 29. Rxc2 hxg5 30. Nxg5+ Ke7 31. Rec1 Rh8 32. Rc8 Rd8 33. Rxd8 Kxd8 34. Nf7+ Ke7 35. Nfd6 Nb6 36. Rc7+ Kf8 37. Rxb7 Nc4 38. Rb8+ Ke7 39.
Rg8 Nxd6 40. exd6+ Kf7 41. Rd8 Qb6 42. Rd7+ Kf6 43.
Rc7 g5 44. Rc5 gxf4 45. d7 Qd8 46. Rc7 Qg8 47. Rc8 Qg3# 0-1

[Event "*** SCC Grand Prix: Titled Tuesday Blitz"]
[Site "Chess.com"]
[Date "2020.06.23"]
[Round "6"]
[White "Harry_Rakkel"]
[Black "CyberneticLion"]
[Result "0-1"]
[WhiteElo "2556"]
[BlackElo "2463"]
[TimeControl "180+1"]
[EndTime "11:06:52 PDT"]
[Termination "CyberneticLion won by resignation"]

1. e4 e5 2. Nf3 Nc6 3. Bc4 Bc5 4. c3 Nf6 5. b4 Bd6 6. d3 O-O 7. O-O a6 8. Re1 h6 9. Nbd2 Be7 10. Nf1 d6 11. Ng3 Be6 12. Bxe6 fxe6 13. d4 exd4 14. cxd4 d5 15. exd5 exd5 16. a3 Bd6 17. Ne5 Bxe5 18. dxe5 Ne4 19. Nxe4 dxe4 20. Bb2 Qxd1 21. Raxd1 Rad8 22. g3 Rxd1 23. Rxd1 Re8 24. Rd5 Kf7 25. Kf1 Ke6 26.
Rc5 Rd8 27. Ke2 Rd3 28. Rc4 Rb3 29. Bc1 Kd5 30. Rc5+ Ke6 31. Rc4 Kxe5 32. Bf4+ Kd5 33. Rc5+ Ke6 34. Bxc7 Rxa3 35. Rc4 Kd5 36. Rc5+ Ke6 37.
Rc4 Ra4 38. Rxe4+ Kd7 39. Bf4 Rxb4 40. Re3 a5 41. Rd3+ Rd4 42. Rb3 Nb4 43. Bd2 b5 44. Ke3 Rc4 45. Bxb4 axb4 46. Rb2 Kd6 47. h4 Kc5 48. h5 Rc3+ 49. Kd2 Kc4 50. Rb1 b3 51. g4 Rc2+ 52. Ke3 b2 53. f4 Kc3 54. Rd1 Rc1 55.
Rd3+ Kc4 56. Rd4+ Kc5 0-1